[Event "Early-Titled-Tuesday-Blitz-April-16-2024"]
[Site "Chess.com"]
[Date "2024.04.16"]
[Round "8"]
[White "lcmil"]
[Black "SahibSinghKnight"]
[Result "0-1"]
[WhiteElo "2512"]
[BlackElo "2636"]
[TimeControl "180+1"]
[EndTime "9:31:35 PDT"]
[Termination "SahibSinghKnight won by checkmate"]

1. e4 e6 2. d4 d5 3. Nc3 Bb4 4. Bd2 Bxc3 5. Bxc3 dxe4 6. Qg4 Nf6 7. Qxg7 Rg8 8. Qh6 Rg6 9. Qh4 Qd5 10. Nh3 Qf5 11. O-O-O Nd5 12. Be1 Rg4 13. Qh6 Qg6 14. Qd2 Nc6 15. a3 Qg8 16. c4 Nde7 17. g3 e5 18. dxe5 Be6 19. Nf4 Rd8 20. Qe3 Rxd1+ 21. Kxd1 Nxe5 22. Qxe4 N7c6 23. f3 f5 24. Qe3 Rg7 25.
Bc3 Bxc4 26. Nh5 Qd5+ 27. Kc1 Rf7 28. Bxc4 Qxc4 29. f4 Rd7 30. fxe5 Rd3 31. Nf6+ Kf7 32. Qe1 Nd4 33. Kb1 Nf3 34. Qc1 Ke6 35. Rf1 Rxc3 36. bxc3 Qxf1 37. Qxf1 Nd2+ 38. Kc2 Nxf1 39. Nxh7 Nxh2 40.
Kd3 Kxe5 41. Nf8 Nf1 42. Ng6+ Kd6 43. Kd4 Nxg3 44. Nf4 c5+ 45. Kc4 a6 46. a4 b6 47.
Nd3 Ne4 48. Nf4 Kc6 49. Nd3 Nd2# 0-1

[Event "Early-Titled-Tuesday-Blitz-April-16-2024"]
[Site "Chess.com"]
[Date "2024.04.16"]
[Round "8"]
[White "Alblooshi_Hamad"]
[Black "dianamirza"]
[Result "1-0"]
[WhiteElo "2179"]
[BlackElo "1947"]
[TimeControl "180+1"]
[EndTime "9:31:35 PDT"]
[Termination "Alblooshi_Hamad won by resignation"]

1. d4 Nf6 2. c4 g6 3. Nc3 c5 4. d5 Bg7 5. e4 O-O 6. Bd3 d6 7. f4 Bg4 8. Nf3 Na6 9. O-O Nb4 10. h3 Bxf3 11. Qxf3 Nxd3 12. Qxd3 Rb8 13. Bd2 a6 14. a4 Nd7 15. Rae1 b5 16. axb5 axb5 17. cxb5 Nb6 18.
e5 dxe5 19. fxe5 Nd7 20. Bf4 Qb6 21. Kh1 e6 22. d6 Rfc8 23. Qc4 Qa5 24. Qe2 Rb6 25.
Qf3 Rcb8 26. Bg5 h6 27. Qxf7+ Kh7 28. Bf6 Rg8 29. Qxd7 Kh8 30. Bxg7+ Rxg7 31. Rf8+ Kh7 32. Rf7 Rxf7 33. Qxf7+ Kh8 34. Rf1 Rb8 35. Qf6+ Kh7 36. Qxe6 Rg8 37. Rf7+ Rg7 38. Rxg7+ Kxg7 39. d7 h5 40. Qf6+ Kh6 41. d8=Q Qa1+ 42. Kh2 Qxb2 43. Qg5+ 1-0

[Event "Early-Titled-Tuesday-Blitz-April-16-2024"]
[Site "Chess.com"]
[Date "2024.04.16"]
[Round "8"]
[White "wonderfultime"]
[Black "alexrustemov"]
[Result "1-0"]
[WhiteElo "2995"]
[BlackElo "2844"]
[TimeControl "180+1"]
[EndTime "9:31:36 PDT"]
[Termination "wonderfultime won on time"]

1. d4 f5 2. Nf3 Nf6 3. g3 g6 4.
Bg2 Bg7 5. O-O O-O 6. c4 d6 7. Nc3 Nc6 8. d5 Na5 9. Qd3 c5 10. b3 a6 11. Bb2 Rb8 12. Nd2 Bd7 13. a4 Qe8 14. e3 Qf7 15. Qc2 e5 16. dxe6 Bxe6 17.
Ne2 Nc6 18. Nf4 Nb4 19. Qd1 Bd7 20. Nf3 Qe7 21. Rc1 Bc6 22. Qe2 Rbe8 23. Rfd1 Ne4 24.
Bxg7 Qxg7 25. Qe1 Qf6 26. Nd3 a5 27. Nxb4 axb4 28. Rd3 g5 29. Nd2 Nc3 30. Nb1 Nxb1 31. Rxb1 f4 32. Rbd1 Bxg2 33. Kxg2 f3+ 34. Kg1 Re6 35. Rd5 h6 36. Qf1 Kg7 37. Qh3 b6 38. Qg4 Kg6 39. h4 Rf7 40. hxg5 hxg5 41. Rxg5+ Qxg5 42. Qxe6+ Rf6 43. Qg8+ Kh6 44. Qh8+ Kg6 45. Rd5 Qh6 46.
Qg8+ Qg7 47. Rg5+ 1-0

[Event "Early-Titled-Tuesday-Blitz-April-16-2024"]
[Site "Chess.com"]
[Date "2024.04.16"]
[Round "8"]
[White "TitarovVasiliYouTube"]
[Black "Cheer_Down"]
[Result "0-1"]
[WhiteElo "2592"]
[BlackElo "2508"]
[TimeControl "180+1"]
[EndTime "9:31:36 PDT"]
[Termination "Cheer_Down won on time"]

1. e4 e5 2. Nf3 Nc6 3. Be2 Nf6 4. d3 d5 5. Nbd2 Bc5 6. O-O O-O 7. c3 a5 8. a4 Re8 9. h3 h6 10. Re1 Be6 11.
Bf1 Qd6 12. exd5 Bxd5 13. Nc4 Bxc4 14. dxc4 e4 15. Qxd6 cxd6 16. Nh4 Ne5 17. Nf5 Nd3 18. Bxd3 exd3 19. Be3 Ne4 20. Rad1 d2 21. Re2 g6 22.
Nxh6+ Kg7 23. Ng4 f5 24. Nh2 Ra6 25. Nf3 Rb6 26. Bxd2 Rxb2 27. Bh6+ Kxh6 28. Rxb2 Nxc3 29. Rd3 Nxa4 30. Rb1 Nb6 31. Kf1 a4 32. Nd4 a3 33.
Nc2 Nxc4 34. Ra1 b5 35. g3 b4 36. Nd4 Bxd4 37. Rxd4 d5 38. Rxd5 b3 39. Rd3 b2 0-1

[Event "Early-Titled-Tuesday-Blitz-April-16-2024"]
[Site "Chess.com"]
[Date "2024.04.16"]
[Round "8"]
[White "Dinosaurio_1975"]
[Black "Polish_fighter3000"]
[Result "0-1"]
[WhiteElo "2582"]
[BlackElo "3127"]
[TimeControl "180+1"]
[EndTime "9:31:37 PDT"]
[Termination "Polish_fighter3000 won by resignation"]

1. e4 e6 2. d4 d5 3. e5 b6 4. c3 Qd7 5. Nf3 Ne7 6. Na3 Bb7 7.
Bb5 Nbc6 8. O-O O-O-O 9. Nc2 a6 10. Bd3 Kb8 11. Qe2 Ka7 12. b4 Re8 13. b5 Nb8 14.
bxa6 Bxa6 15. Bxa6 Nxa6 16. a4 Nc6 17. a5 Nxa5 18. Ba3 Ra8 19. Bb4 Nc4 20. Nd2 Bxb4 21. Nxb4 Kb7 22. Nxa6 Nxd2 23. Qxd2 Rxa6 24. Rxa6 Kxa6 25.
Ra1+ Kb7 26. Qa2 Qb5 27. Qa7+ Kc6 28. Qa3 Kd7 29. h4 h5 30. g3 Qc4 31. Qc1 Qd3 32. Qg5 Qg6 33. Qf4 Rc8 34. Qd2 Ke7 35. c4 Kf8 36. cxd5 exd5 37. Qb4+ c5 38. Qxb6 Qxb6 0-1

[Event "Early-Titled-Tuesday-Blitz-April-16-2024"]
[Site "Chess.com"]
[Date "2024.04.16"]
[Round "8"]
[White "Pedrada88"]
[Black "Viktoker"]
[Result "0-1"]
[WhiteElo "2564"]
[BlackElo "2472"]
[TimeControl "180+1"]
[EndTime "9:31:38 PDT"]
[Termination "Viktoker won by checkmate"]

1. e4 c6 2. d4 d5 3. e5 c5 4.
dxc5 e6 5. a3 Nd7 6. Nf3 Bxc5 7.
b4 Bb6 8. c4 Ne7 9. Nc3 dxc4 10. Bxc4 Qc7 11. Qb3 Nxe5 12. Bb5+ N5c6 13. O-O O-O 14.
Bb2 a6 15. Bd3 Ng6 16. h4 Nd4 17. Nxd4 Bxd4 18. Rac1 Qe5 19. Rfe1 Qf4 20. Qc2 e5 21.
h5 Nh4 22. Bxh7+ Kh8 23. Be4 f5 24. Nd5 Qg5 25. Bxd4 fxe4 26. Qxe4 exd4 27. Kf1 Bf5 28. Qxd4 Qxg2+ 29. Ke2 Bg4+ 30. Kd2 Nf3+ 31. Kc3 Nxd4 32. Kxd4 Rad8 33. Re5 Qxf2+ 34. Re3 Rf4+ 35. Ke5 Rxd5+ 36.
Kxd5 Qxe3 37. Rc8+ Kh7 38. Rh8+ Kxh8 39. h6 Rd4+ 40. Kc5 Qe5+ 41. Kb6 Qd6+ 42. Ka7 b5 43. a4 Qc7+ 44. Kxa6 Rd5 45. axb5 Rd6+ 46. b6 Qxb6# 0-1

[Event "Early-Titled-Tuesday-Blitz-April-16-2024"]
[Site "Chess.com"]
[Date "2024.04.16"]
[Round "8"]
[White "AradNazari"]
[Black "kuba2006"]
[Result "1-0"]
[WhiteElo "2709"]
[BlackElo "2548"]
[TimeControl "180+1"]
[EndTime "9:31:39 PDT"]
[Termination "AradNazari won on time"]

1. e4 Nf6 2. Nc3 e5 3. f4 d5 4. fxe5 Nxe4 5. Nf3 Bc5 6. d4 Bb4 7. Qd3 c5 8. a3 Ba5 9. dxc5 Nxc3 10. bxc3 O-O 11.
Be3 Nc6 12. Be2 Qe7 13. Bd4 Bf5 14. Qe3 Bxc2 15. O-O Rae8 16. Bd3 Bxd3 17. Qxd3 Bc7 18. Rae1 h6 19. Re2 f6 20. e6 Ne5 21. Bxe5 fxe5 22.
Qxd5 Qxe6 23. Qxb7 Rf7 24. Rfe1 Ref8 25. Qe4 Rf4 26. Qb1 Qf6 27. Nxe5 Rf5 28. Nd7 Qh4 29. g3 Bxg3 30. Nxf8 Bf2+ 31. Kh1 Qg4 32. Qe4 Qg5 33. Ne6 Qg6 34. Rf1 Rf6 35. Qxg6 Rxg6 36. Rfxf2 Rxe6 37. Rxe6 1-0

[Event "Early-Titled-Tuesday-Blitz-April-16-2024"]
[Site "Chess.com"]
[Date "2024.04.16"]
[Round "8"]
[White "baki83"]
[Black "Aygehovit1992"]
[Result "0-1"]
[WhiteElo "2905"]
[BlackElo "2748"]
[TimeControl "180+1"]
[EndTime "9:31:41 PDT"]
[Termination "Aygehovit1992 won on time"]

1. e4 c5 2. Nf3 e6 3. c3 d5 4.
exd5 Qxd5 5. d4 Nf6 6. Na3 a6 7.
Nc4 Nbd7 8. Ne3 Qc6 9. Be2 b5 10. Ne5 Nxe5 11. dxe5 Nd5 12. Bf3 Bb7 13. O-O Be7 14.
Bxd5 exd5 15. Nf5 Qg6 16. Qf3 Bc6 17. Re1 Rd8 18. h4 h5 19. Nxe7 Kxe7 20. Bg5+ Ke6 21. b4 Rd7 22. bxc5 Qf5 23. Qg3 Qg4 24. Qh2 d4 25. cxd4 Rxd4 26. Kh1 Rd3 27. Re3 Rxe3 28. Bxe3 Rd8 29. Rg1 Rd3 30. Re1 b4 31. Qf4 Qh3+ 32.
Qh2 Bxg2+ 33. Kg1 Qxh2+ 34. Kxh2 Bc6 35. Kg3 a5 36. Rc1 a4 37. Kf4 b3 38. axb3 axb3 39. Rc4 Rd1 40. Rb4 Rg1 41. f3 Rf1 42. Bf2 Rxf2 0-1

[Event "Early-Titled-Tuesday-Blitz-April-16-2024"]
[Site "Chess.com"]
[Date "2024.04.16"]
[Round "8"]
[White "HajiyevKanan"]
[Black "GMG"]
[Result "0-1"]
[WhiteElo "2628"]
[BlackElo "2823"]
[TimeControl "180+1"]
[EndTime "9:31:43 PDT"]
[Termination "GMG won by resignation"]

1. d4 f5 2. Nf3 Nf6 3. g3 g6 4. Bg2 Bg7 5. O-O O-O 6. b3 d6 7.
Bb2 Ne4 8. Nbd2 Nc6 9. c4 Nxd2 10. Qxd2 e5 11. dxe5 dxe5 12. Qd5+ Kh8 13. Qxd8 Rxd8 14. Rfd1 e4 15. Rxd8+ Nxd8 16. Rd1 Bxb2 17. Rxd8+ Kg7 18.
Ne1 Bf6 19. Rd1 Be6 20. Nc2 Rd8 21. Rxd8 Bxd8 22. f3 exf3 23. Bxf3 c6 24. e4 Bb6+ 25. Kf1 Kf6 26. Ke2 Ke5 27. Kd3 f4 28. g4 a5 29. Ke2 g5 30. h3 Bc5 31. Kd3 Ba7 32. Na3 h6 33. Nc2 Bc5 34. Bd1 Bf2 35. Bf3 b5 36. Na3 Bd7 37. cxb5 cxb5 38. Ke2 Bc5 39. Nc2 b4 40. Kd2 Bc6 41. Ne1 Be3+ 42.
Kd3 Bb5+ 43. Kc2 Kd4 44. Bg2 Bf2 45. Nf3+ Ke3 46. e5 Bd7 47. Nh2 Bg3 48. Nf1+ Kf2 49. Nxg3 fxg3 50. Bd5 g2 51. e6 Bxe6 52. Bxe6 g1=Q 0-1

[Event "Early-Titled-Tuesday-Blitz-April-16-2024"]
[Site "Chess.com"]
[Date "2024.04.16"]
[Round "8"]
[White "Tagir45"]
[Black "LeoLV10"]
[Result "1-0"]
[WhiteElo "2639"]
[BlackElo "2518"]
[TimeControl "180+1"]
[EndTime "9:31:43 PDT"]
[Termination "Tagir45 won by resignation"]

1. d4 Nf6 2. c4 e6 3. Nf3 c5 4. d5 exd5 5. cxd5 d6 6. Nc3 g6 7. e4 Bg7 8. Nd2 O-O 9. Be2 Nbd7 10. O-O a6 11. a4 Re8 12. Qc2 Rb8 13. Nc4 Nb6 14. Ne3 Nbd7 15. Nc4 Nb6 16. Ne3 Nbd7 17. f4 Qe7 18. e5 dxe5 19. f5 e4 20. a5 Ne5 21.
Nxe4 Nxe4 22. Qxe4 Nd7 23. Qxe7 Rxe7 24. d6 Re8 25.
Bc4 Ne5 26. Bd2 Nxc4 27. Nxc4 Bxf5 28. Bg5 h6 29. Be7 Bd3 30. Rfc1 Bf8 31. Bxf8 Kxf8 32. Nb6 Rbd8 33. d7 Re2 34. Rxc5 Bb5 35. Rc8 Ke7 36.
Rf1 f5 37. Rd1 Bc6 38. Rc7 Rxg2+ 39. Kf1 Rxh2 40. Kg1 Re2 41. Kf1 Re6 42. Kg1 Rd6 43. Nc8+ Rxc8 44. dxc8=Q+ 1-0

[Event "Early-Titled-Tuesday-Blitz-April-16-2024"]
[Site "Chess.com"]
[Date "2024.04.16"]
[Round "8"]
[White "Oleksandr_Bortnyk"]
[Black "Ramil_Faizrakhmanov"]
[Result "1-0"]
[WhiteElo "3049"]
[BlackElo "2907"]
[TimeControl "180+1"]
[EndTime "9:31:44 PDT"]
[Termination "Oleksandr_Bortnyk won on time"]

1. e4 c6 2. c4 d5 3. cxd5 cxd5 4. exd5 Nf6 5. Qa4+ Nbd7 6. Nc3 g6 7. Nf3 Bg7 8. Bc4 a6 9. d3 O-O 10. Qa3 b6 11.
O-O Bb7 12. Re1 b5 13. Bb3 Re8 14. Be3 Nb6 15. Bxb6 Qxb6 16. Qb4 Qd6 17. Qxd6 exd6 18. a3 Nd7 19. d4 Nb6 20. Kf1 Kf8 21. h4 h5 22.
Rxe8+ Rxe8 23. Re1 Bh6 24. Ng5 Rc8 25. Nh7+ Kg7 26. Re7 Rb8 27. Ng5 Bxg5 28. hxg5 Kf8 29. Rc7 a5 30. Ne4 a4 31. Nxd6 Ba6 32. Rxf7+ Kg8 33. Bc2 b4+ 34. Ke1 Nxd5 35. Ra7 Rb6 36. Ra8+ Kg7 37. Ne8+ Kf7 38. Bxa4 bxa3 39. bxa3 Re6+ 40.
Kd2 Re2+ 41. Kc1 Re1+ 42. Kb2 Bc4 43. Nd6+ 1-0

[Event "Early-Titled-Tuesday-Blitz-April-16-2024"]
[Site "Chess.com"]
[Date "2024.04.16"]
[Round "8"]
[White "Massakru"]
[Black "PositionalPanther"]
[Result "1-0"]
[WhiteElo "2370"]
[BlackElo "2511"]
[TimeControl "180+1"]
[EndTime "9:31:44 PDT"]
[Termination "Massakru won on time"]

1. e4 a6 2. d4 e6 3. Nf3 d5 4. e5 c5 5. c3 Nc6 6. a3 f6 7.
exf6 Nxf6 8. Bd3 cxd4 9. Nxd4 e5 10. Nxc6 bxc6 11. O-O Bd6 12. Bg5 e4 13. Bc2 h6 14.
Bh4 Qb6 15. b4 Bg4 16. Qc1 g5 17. Bg3 Bxg3 18. hxg3 O-O-O 19. a4 Rdg8 20. a5 Qc7 21. c4 h5 22. Qb2 Qe7 23. cxd5 h4 24. Qc3 Bd7 25. dxc6 Be6 26. b5 hxg3 27. fxg3 Ng4 28.
Bxe4 Rh1+ 29. Kxh1 Qd8 30. b6 Rh8+ 31. Kg1 Rf8 32. b7+ Kc7 33. Rxf8 Qxf8 34. Bf3 Qd6 35. Bxg4 Bxg4 36. b8=Q+ Kxb8 37. Na3 Qh6 38. c7+ Kc8 39. Rb1 1-0

[Event "Early-Titled-Tuesday-Blitz-April-16-2024"]
[Site "Chess.com"]
[Date "2024.04.16"]
[Round "8"]
[White "Tol_Tol"]
[Black "mertfelin"]
[Result "0-1"]
[WhiteElo "2389"]
[BlackElo "2246"]
[TimeControl "180+1"]
[EndTime "9:31:44 PDT"]
[Termination "mertfelin won by resignation"]

1. d4 d5 2. c4 e6 3. Nc3 Ke7 4. Nf3 Nf6 5. Bg5 h6 6. Bh4 g5 7. Bg3 Bg7 8. h4 g4 9. Ne5 Re8 10. e3 h5 11. f3 gxf3 12. gxf3 b6 13. cxd5 Nxd5 14. Nc6+ Nxc6 15. Bb5 Nxc3 16. bxc3 Bd7 17. Qa4 Na5 18. Qa3+ c5 19. dxc5 Bxb5 20. Bd6+ Kf6 21. c4 Nxc4 22. Qc3+ e5 23. a4 Nxd6 24. cxd6 Qxd6 25.
axb5 Rec8 26. Qb3 Qc5 27. f4 Qc3+ 28. Qxc3 Rxc3 29. Kd2 Rc5 30. Rhb1 exf4 31. exf4 Kf5 32. Ke3 Bxa1 33. Rxa1 Rxb5 34. Rg1 f6 35. Rg7 a5 36. Rh7 Ke6 37. Ke4 a4 38. Rb7 Ra6 39. Rb8 a3 40. Re8+ Kf7 41. Rh8 a2 42. Rxh5 Rxh5 0-1

[Event "Early-Titled-Tuesday-Blitz-April-16-2024"]
[Site "Chess.com"]
[Date "2024.04.16"]
[Round "8"]
[White "HamedWafa4"]
[Black "Dixit_Nikhil"]
[Result "1/2-1/2"]
[WhiteElo "2791"]
[BlackElo "2622"]
[TimeControl "180+1"]
[EndTime "9:31:45 PDT"]
[Termination "Game drawn by repetition"]

1. d4 Nf6 2. Nf3 g6 3. Bf4 Bg7 4. Nbd2 O-O 5. e4 a6 6. c3 b5 7.
a4 Bb7 8. Bd3 d6 9. O-O Nbd7 10.
Re1 e5 11. Bg5 h6 12. Bxf6 Nxf6 13. axb5 axb5 14. Bxb5 Rxa1 15. Qxa1 exd4 16. cxd4 d5 17. e5 Ne4 18. Bd3 c5 19. Nxe4 dxe4 20. Bxe4 Bxe4 21. Rxe4 Qd5 22. Qe1 Rb8 23. dxc5 Rxb2 24. h4 Qxc5 25. e6 fxe6 26. Rxe6 Qf5 27. Re4 Kh7 28. Qe3 Rb7 29. g3 Qh3 30. Qd3 Rc7 31. Re1 Rd7 32. Qe4 Rf7 33. Nh2 Qf5 34. Qxf5 Rxf5 35. Re7 Kg8 36. Rd7 Rf7 37. Rd8+ Rf8 38. Rd6 Rf6 39. Rd5 Rf5 40. Rxf5 gxf5 41. Kg2 Kf7 42.
h5 Kf6 43. f4 Bf8 44. Kf3 Bb4 45. Nf1 Be1 46. Ne3 Ke6 47. Ng2 Ba5 48. Ke2 Kf6 49. Ne3 Ke6 50. Nc4 Bc7 51. Ne3 Bb6 52.
Kd3 Bxe3 53. Kxe3 Kd5 54. Kd3 Kc5 55. Ke2 Kd5 56. Kf3 Kd4 57. g4 fxg4+ 58. Kxg4 Ke4 59. Kg3 Kd5 60. Kf3 Kd4 61. f5 Ke5 62. Kg4 Kd6 63. Kf4 Kd5 64. Kf3 Ke5 65. Kg4 Kd6 66. Kh4 Ke5 67. Kg4 1/2-1/2

[Event "Early-Titled-Tuesday-Blitz-April-16-2024"]
[Site "Chess.com"]
[Date "2024.04.16"]
[Round "8"]
[White "Korchmar_Vasiliy"]
[Black "FGHSMN"]
[Result "0-1"]
[WhiteElo "2712"]
[BlackElo "2899"]
[TimeControl "180+1"]
[EndTime "9:31:49 PDT"]
[Termination "FGHSMN won on time"]

1. e4 e6 2. d4 d5 3. e5 c5 4.
c3 Nc6 5. Nf3 Bd7 6. Be2 Nge7 7.
Na3 Nf5 8. Nc2 cxd4 9. cxd4 Rc8 10. O-O Be7 11. Bd3 O-O 12. Kh1 Qb6 13. g4 Nh4 14.
Nxh4 Bxh4 15. g5 Ne7 16. Qg4 Bb5 17. Bxb5 Qxb5 18. Ne3 Ng6 19. Kg1 Qd3 20. Ng2 Qf5 21. Qxf5 exf5 22. Ne3 Bxg5 23. Nxf5 h6 24. Bxg5 hxg5 25.
Rfc1 Rfd8 26. Nd6 Rxc1+ 27. Rxc1 Rd7 28. Kg2 Nf4+ 29. Kf3 f6 30. Rc8+ Kh7 31. Re8 Kg6 32.
h4 fxe5 33. dxe5 d4 34. hxg5 d3 35. Ke3 Rc7 36. Ne4 d2 37. Nxd2 Nd5+ 38. Kd4 Nb4 39. Ne4 Rc2 40. f4 Rxb2 41. Re6+ Kf5 42. Rd6 Nc6+ 0-1

[Event "Early-Titled-Tuesday-Blitz-April-16-2024"]
[Site "Chess.com"]
[Date "2024.04.16"]
[Round "8"]
[White "DominguezOnYoutube"]
[Black "LiemLe"]
[Result "1-0"]
[WhiteElo "2952"]
[BlackElo "3038"]
[TimeControl "180+1"]
[EndTime "9:31:50 PDT"]
[Termination "DominguezOnYoutube won on time"]

1. e4 c5 2. Nf3 Nc6 3. d4 cxd4 4. Nxd4 e5 5. Nb5 d6 6. N1c3 a6 7. Na3 Be6 8. Nc4 Rb8 9. Bd3 Be7 10. O-O Nf6 11. Ne3 O-O 12. Ncd5 Bxd5 13. exd5 Nb4 14. Be2 a5 15. a4 g6 16. c3 Na6 17. Bxa6 bxa6 18. Qe2 Qc8 19. Rd1 Qb7 20. Nc4 Qc7 21.
Bg5 Rfc8 22. Nxe5 dxe5 23. d6 Bxd6 24. Bxf6 Rb6 25. Rd2 e4 26. Bd4 Bxh2+ 27. Kh1 Re6 28.
g3 Bxg3 29. fxg3 e3 30. Rd3 Rce8 31. Kg2 Qb7+ 32. Kg1 Qc7 33. Qf3 e2 34. Re1 Qc4 35.
Kg2 Qxa4 36. Rd2 Qb5 37. Kf2 a4 38. Rdxe2 Rxe2+ 39. Rxe2 Rxe2+ 40. Qxe2 Qxe2+ 41. Kxe2 f5 42. Ke3 Kf7 43. Kf4 h6 44. Ke5 Ke7 45. Be3 h5 46. c4 Kd7 47. Kd5 Ke7 48. c5 Kd7 49. c6+ Kc8 50.
Kd6 1-0

[Event "Early-Titled-Tuesday-Blitz-April-16-2024"]
[Site "Chess.com"]
[Date "2024.04.16"]
[Round "8"]
[White "PLAYER_2006_M"]
[Black "vovachesss"]
[Result "1-0"]
[WhiteElo "2972"]
[BlackElo "2759"]
[TimeControl "180+1"]
[EndTime "9:31:50 PDT"]
[Termination "PLAYER_2006_M won by checkmate"]

1. e4 c6 2. d4 d5 3. e5 Bf5 4.
Nf3 e6 5. Be2 Ne7 6. O-O Ng6 7.
Nbd2 Nf4 8. Nb3 Nxe2+ 9. Qxe2 Be7 10. a4 O-O 11. c3 Nd7 12. h3 c5 13. dxc5 Nxc5 14. Nxc5 Bxc5 15. Be3 Be7 16. a5 a6 17.
Nd4 Bg6 18. Nb3 Rc8 19. Bb6 Qd7 20. Nd4 Rc4 21. g3 Rfc8 22. h4 h5 23. Kh2 Bf8 24. Rfd1 Re8 25. Nf3 Qb5 26. Rd4 Rec8 27. Qd2 Be4 28.
Ng5 Rxd4 29. Bxd4 Bf5 30. b4 Qc4 31. f3 Be7 32. Rg1 Qb3 33. g4 hxg4 34. fxg4 Bh7 35. h5 Bxb4 36. Qf4 Bxc3 37. Qxf7+ Kh8 38. h6 Rg8 39.
Qe7 Be4 40. hxg7+ Rxg7 41. Qf8+ Rg8 42. Qh6+ Bh7 43. Qxh7# 1-0

[Event "Early-Titled-Tuesday-Blitz-April-16-2024"]
[Site "Chess.com"]
[Date "2024.04.16"]
[Round "8"]
[White "Eloist"]
[Black "Fjal"]
[Result "0-1"]
[WhiteElo "2476"]
[BlackElo "2336"]
[TimeControl "180+1"]
[EndTime "9:31:51 PDT"]
[Termination "Fjal won on time"]

1. e4 d6 2. d4 g6 3. Nc3 Bg7 4. Nf3 a6 5. Bc4 b5 6. Bd5 c6 7. Bb3 e6 8. O-O Ne7 9. e5 d5 10. Ne2 c5 11. c3 Nbc6 12. a4 c4 13. Bc2 b4 14. b3 bxc3 15. Nxc3 Na5 16. b4 Nac6 17.
Rb1 Rb8 18. b5 axb5 19. axb5 Na7 20. h4 Bd7 21. h5 Nxb5 22. Nxb5 Rxb5 23. Rxb5 Bxb5 24.
h6 Bf8 25. Bg5 Qd7 26. Qa1 Nc8 27. Rb1 Be7 28. Rxb5 Bxg5 29. Nxg5 O-O 30. Qb1 Qd8 31. f4 Ne7 32. Rb7 Nf5 33. Bxf5 gxf5 34. Qe1 Qe8 35. Qg3 Kh8 36. Nxe6 Rg8 37. Ng7 Qc6 38. Rxf7 c3 39. Qe1 c2 40. Qc1 Qxh6 41. Nxf5 Qh3 42.
Ng7 Qd3 43. e6 Qd1+ 44. Kh2 Qxc1 45. e7 Qe1 46. Nf5 c1=Q 0-1

[Event "Early-Titled-Tuesday-Blitz-April-16-2024"]
[Site "Chess.com"]
[Date "2024.04.16"]
[Round "8"]
[White "andong36"]
[Black "NMChessToImpress"]
[Result "0-1"]
[WhiteElo "2364"]
[BlackElo "2268"]
[TimeControl "180+1"]
[EndTime "9:31:51 PDT"]
[Termination "NMChessToImpress won by resignation"]

1. e4 e6 2. d4 d5 3. Nc3 Bb4 4. e5 c5 5. dxc5 Nc6 6. Nf3 d4 7. a3 Ba5 8. b4 Nxb4 9. axb4 Bxb4 10. Bd2 dxc3 11. Be3 Qxd1+ 12. Rxd1 Bd7 13. Rd4 a5 14. Bc4 Ne7 15. O-O Nf5 16. Rd3 Nxe3 17. fxe3 h6 18.
Rfd1 Bc6 19. Nd4 Be4 20. Nxe6 Bxd3 21. Nc7+ Ke7 22. Rxd3 Rad8 23. Nd5+ Kf8 24. Nxb4 Rxd3 25. Nxd3 Ke7 26. Kf2 Ra8 27. Kf3 a4 28. Nb4 a3 29.
Na2 Ra4 30. Bb3 Ra5 31. Nxc3 Rxc5 32. Na2 Rxe5 33. Ke2 Rc5 34. g3 Kd6 35. Nc3 Rxc3 36.
Kd2 Rxb3 37. cxb3 a2 38. Kd3 a1=Q 39. Ke4 Qe5+ 40. Kf3 Qb5 41. h4 Qxb3 42. Kg4 Qb4+ 43. Kh5 b5 44. g4 Qc5+ 45. g5 hxg5 46. hxg5 Qxe3 47. g6 Qe5+ 48. Kg4 fxg6 49. Kh4 g5+ 0-1

[Event "Early-Titled-Tuesday-Blitz-April-16-2024"]
[Site "Chess.com"]
[Date "2024.04.16"]
[Round "8"]
[White "PonyQueen07"]
[Black "Flaccidmoves"]
[Result "1/2-1/2"]
[WhiteElo "2221"]
[BlackElo "2408"]
[TimeControl "180+1"]
[EndTime "9:31:53 PDT"]
[Termination "Game drawn by repetition"]

1. c4 e5 2. Nc3 Bb4 3. g3 Nf6 4. Bg2 O-O 5. Nf3 e4 6. Ng5 Bxc3 7. dxc3 Re8 8. O-O h6 9. Nh3 d6 10. Nf4 Nc6 11. Nd5 Bf5 12. h3 Ne5 13. b3 c6 14.
Nxf6+ Qxf6 15. Bf4 g5 16. Bxe5 Qxe5 17. Qd4 Qxd4 18. cxd4 Bg6 19. e3 f5 20. c5 dxc5 21.
dxc5 Bh5 22. f3 exf3 23. Bxf3 Bxf3 24. Rxf3 Re5 25. Raf1 Rf8 26. e4 Rxe4 27. Rxf5 Rxf5 28. Rxf5 Re2 29. Rf2 Re3 30. Kg2 Rc3 31. b4 a5 32.
bxa5 Rxc5 33. Rb2 Rxa5 34. Rxb7 Rxa2+ 35. Kf3 Ra4 36. Rc7 Rc4 37. g4 c5 38. Ke3 Rc3+ 39. Ke4 Rxh3 40. Rxc5 Ra3 41. Kf5 Ra4 42. Rc7 Kf8 43.
Rh7 Ra5+ 44. Kg6 Ra6+ 45. Kh5 Ra1 46. Rxh6 Kg7 47. Rg6+ Kh7 48. Rh6+ Kg7 49. Rg6+ Kh7 50. Rh6+ Kg7 1/2-1/2

[Event "Early-Titled-Tuesday-Blitz-April-16-2024"]
[Site "Chess.com"]
[Date "2024.04.16"]
[Round "8"]
[White "MdSharifHossain"]
[Black "BashiqChess"]
[Result "1-0"]
[WhiteElo "2285"]
[BlackElo "2440"]
[TimeControl "180+1"]
[EndTime "9:31:53 PDT"]
[Termination "MdSharifHossain won by resignation"]

1. e4 c6 2. d4 d5 3. e5 Bf5 4. Nc3 e6 5. g4 Bg6 6. Nge2 h5 7. Nf4 Bh7 8. Nxh5 c5 9. Be3 Nc6 10. Bb5 Qb6 11. dxc5 Bxc5 12. Nxg7+ Kf8 13. Bxc5+ Qxc5 14. Bxc6 Qxc6 15. Nxe6+ fxe6 16. Qf3+ Ke7 17. O-O-O Rf8 18. Qg3 Kd7 19. Rhe1 Ne7 20. f4 Kc8 21. h4 Rhg8 22. h5 d4 23. Rxd4 Nf5 24.
Qf2 Nxd4 25. Qxd4 Kb8 26. g5 Rd8 27. Qb4 Rg7 28. g6 Bxg6 29. hxg6 Rxg6 30. a4 Rdg8 31. Nb5 Rg1 32. b3 Rxe1+ 33. Qxe1 Qc5 34. Qd2 a6 35. Qd6+ Qxd6 36. Nxd6 Rf8 37. f5 exf5 38. e6 f4 39. e7 Rh8 40. e8=Q+ Rxe8 41. Nxe8 f3 42. Kd2 f2 1-0

[Event "Early-Titled-Tuesday-Blitz-April-16-2024"]
[Site "Chess.com"]
[Date "2024.04.16"]
[Round "8"]
[White "ajeale2"]
[Black "Yan_Dyomin2010"]
[Result "0-1"]
[WhiteElo "2422"]
[BlackElo "2627"]
[TimeControl "180+1"]
[EndTime "9:31:56 PDT"]
[Termination "Yan_Dyomin2010 won on time"]

1. d4 Nf6 2. Bg5 d5 3. Bxf6 exf6 4. e3 Bd6 5. c4 dxc4 6. Bxc4 O-O 7. Nc3 Nd7 8. Nf3 c6 9. O-O Nb6 10. Be2 Re8 11.
a4 a5 12. e4 Bb4 13. Qc2 Bg4 14. Rad1 Qe7 15. h3 Bh5 16. Rfe1 Rad8 17. Nh4 Bxe2 18.
Rxe2 g6 19. Nf3 Rd7 20. Rde1 Red8 21. Qb3 Qe6 22. d5 Qd6 23. e5 fxe5 24. dxc6 bxc6 25.
Nxe5 Re7 26. Nc4 Rxe2 27. Rxe2 Nxc4 28. Qxc4 Qf6 29. Ne4 Rd1+ 30. Kh2 Qf4+ 31. g3 Qf3 32. Nf6+ Qxf6 33. Qg4 h5 34. Re8+ Kg7 35. Qxd1 Qxf2+ 36.
Kh1 Qxg3 37. Qf1 Bd6 38. Re2 h4 39. Rf2 f6 40. Qg2 Qe3 41. Rf1 c5 42. Rg1 Bg3 43.
Rf1 g5 44. Qb7+ Kg6 45. Qg2 Be5 46.
Qf3 Qd4 47. Qf5+ Kh6 48. Rf2 c4 49. Qf3 Bf4 50. Kg2 Kg6 51. Re2 Kh6 52. Qe4 Qd1 53.
Qf3 Be5 54. Qf2 Qd5+ 55. Qf3 Qd4 56. Qf2 Qd3 57. Qf3 Qb1 58. Rxe5 fxe5 59. Qf8+ Kg6 60. Qg8+ Kf6 61. Qf8+ Ke6 62. Qg8+ Kd6 63. Qb8+ Kd5 64.
Qb7+ Kd4 65. Qb6+ Kd3 66. Qg6+ e4 67. Qd6+ Ke2 68. Qd4 Qd3 69. Qf6 Qf3+ 70. Kh2 Qxf6 0-1

[Event "Early-Titled-Tuesday-Blitz-April-16-2024"]
[Site "Chess.com"]
[Date "2024.04.16"]
[Round "8"]
[White "martinmena"]
[Black "cansun"]
[Result "0-1"]
[WhiteElo "2154"]
[BlackElo "2387"]
[TimeControl "180+1"]
[EndTime "9:31:57 PDT"]
[Termination "cansun won on time"]

1. c4 Nf6 2. g3 c5 3. Bg2 g6 4.
Nc3 Bg7 5. e4 d6 6. Nge2 O-O 7.
O-O Nc6 8. d3 Bd7 9. h3 a6 10.
Be3 Rb8 11. Rb1 b5 12. b3 b4 13. Nd5 a5 14. Qd2 Ra8 15. Bh6 Nxd5 16. exd5 Nd4 17. Bxg7 Nxe2+ 18. Qxe2 Kxg7 19. Rfe1 Re8 20. f4 a4 21. Kh2 axb3 22. axb3 Ra3 23. Qb2+ Kg8 24. Ra1 Qa5 25. h4 h5 26. Bh3 Bxh3 27. Kxh3 Ra8 28. Rab1 Ra2 29. Qc1 Qc7 30. Rb2 Qd7+ 31. Kg2 Qf5 32.
Re3 Qf6 33. Rd2 Qd4 34. Qd1 Ra1 35. Qe2 Rb1 36. Rc2 Raa1 37. Re4 Qg1+ 38. Kf3 Rf1+ 39. Qf2 Rxf2+ 40. Rxf2 Rf1 41. Rxf1 Qxf1+ 42. Ke3 Qe1+ 43. Kf3 Qd1+ 44. Ke3 Qxb3 45. Rxe7 Qc2 46. Re8+ Kg7 47. Rd8 b3 48. Rxd6 b2 49. Rc6 b1=Q 50. Rxc5 Qxd3+ 0-1